[Event "Kragero Resort International 2022"]
[Site "Kragero"]
[Date "2022.02.25"]
[Round "6.25"]
[White "Ptacnikova, Lenka"]
[Black "Sjoberg, Isak"]
[Result "0-1"]
[ECO "B30"]
[WhiteElo "2173"]
[BlackElo "2322"]
[Annotator "NA"]
[PlyCount "130"]
[EventDate "2022.02.23"]
[EventType "swiss"]
[EventCountry "NOR"]
[SourceTitle "playchess.com"]
[Source "ChessBase"]
[SourceQuality "1"]
[TimeControl "5400+30"]

1. e4 c5 2. Nc3 Nc6 3. Nf3 e5 4. Bc4 d6 5. d3 Be7 6. a4 Nf6 7. O-O O-O 8. h3 Be6 9. Bxe6 fxe6 10. Ne2 Nh5 11. c3 d5 12. Qb3 Qd7 13. Be3 Kh8 14. Rad1 d4 15. cxd4 exd4 16. Bd2 Bd6 17. Nh2 Qc7 18. Ng4 Rae8 19. f4 e5 20. f5 Qf7 21. Qxf7 Rxf7 22. Nh2 Rb8 23. b3 b5 24. axb5 Rxb5 25. Nc1 Bc7 26. g4 Nf6 27. Nf3 Re7 28. Be1 Re8 29. Rf2 Ba5 30. Ra2 Bxe1 31. Rxe1 Na5 32. Nd2 Reb8 33. Kf2 Ne8 34. g5 Nd6 35. Kg3 Nc6 36. Nf3 Nf7 37. h4 R8b6 38. Kg4 Ra5 39. Rxa5 Nxa5 40. Nd2 Kg8 41. Rf1 a6 42. h5 h6 43. g6 Nd8 44. Rf2 Kf8 45. Nf3 Ndc6 46. Ra2 Ke7 47. Ra3 Kf6 48. Nd2 Rb5 49. Nc4 Nxc4 50. bxc4 Ra5 51. Rxa5 Nxa5 52. Kh4 Nb7 53. Ne2 a5 54. Ng3 a4 55. Nh1 a3 56. Nf2 a2 57. Ng4+ Ke7 58. f6+ gxf6 59. Nxh6 a1=Q 60. Nf5+ Ke8 61. h6 Qh1+ 62. Kg4 Qg1+ 63. Ng3 Kf8 64. g7+ Kg8 65. Kh5 Qh2+ 0-1

[Event "Kragero Resort International 2022"]
[Site "Kragero"]
[Date "2022.02.25"]
[Round "6.26"]
[White "Johannsson, Birkir Isak"]
[Black "Van Dael, Siem"]
[Result "0-1"]
[ECO "E90"]
[WhiteElo "2103"]
[BlackElo "2303"]
[Annotator "NA"]
[PlyCount "110"]
[EventDate "2022.02.23"]
[EventType "swiss"]
[EventCountry "NOR"]
[SourceTitle "playchess.com"]
[Source "ChessBase"]
[SourceQuality "1"]
[TimeControl "5400+30"]

1. c4 Nf6 2. Nc3 g6 3. e4 d6 4. d4 Bg7 5. h3 O-O 6. Be3 c5 7. Nf3 cxd4 8. Nxd4 b6 9. Qd2 Bb7 10. f3 e6 11. O-O-O a6 12. Bh6 Bxh6 13. Qxh6 Nbd7 14. h4 Nh5 15. g4 Ng3 16. Rh3 Nxf1 17. Rxf1 Qf6 18. Rd1 Rac8 19. h5 g5 20. Qxf6 Nxf6 21. Nc2 Rfd8 22. Ne3 Kf8 23. Rh2 Ke7 24. Rhd2 Ng8 25. Kb1 f6 26. Ne2 Nh6 27. Nc1 Nf7 28. Nd3 Rc7 29. b3 Rf8 30. Kb2 Rfc8 31. Rc1 Bc6 32. Rdc2 Bb7 33. Rd2 Nd8 34. Nc2 Nc6 35. Rcd1 Rd8 36. Re1 b5 37. cxb5 axb5 38. Red1 Rdc8 39. Ndb4 Ne5 40. Nd4 Rc5 41. a3 Ba8 42. Kb1 Nxf3 43. Nxf3 Bxe4+ 44. Rd3 Bxd3+ 45. Rxd3 Rc1+ 46. Kb2 Rf1 47. Re3 Kd7 48. Nd4 Rf4 49. Nxb5 Rxg4 50. Nd3 Rg2+ 51. Kb1 f5 52. a4 f4 53. Re1 Rd2 54. Nb2 d5 55. a5 Rc5 0-1

[Event "Kragero Resort International 2022"]
[Site "Kragero"]
[Date "2022.02.25"]
[Round "6.27"]
[White "Blokhin, Sofia"]
[Black "Grave, Jacob Templen"]
[Result "1-0"]
[ECO "B11"]
[WhiteElo "2059"]
[BlackElo "2267"]
[Annotator "NA"]
[PlyCount "69"]
[EventDate "2022.02.23"]
[EventType "swiss"]
[EventCountry "NOR"]
[SourceTitle "playchess.com"]
[Source "ChessBase"]
[SourceQuality "1"]
[TimeControl "5400+30"]

1. e4 c6 2. Nf3 d5 3. Nc3 Bg4 4. d4 e6 5. Bd3 Nf6 6. O-O Be7 7. h3 Bh5 8. Be3 O-O 9. e5 Nfd7 10. Ne2 c5 11. c3 Nc6 12. Nf4 Bg6 13. Nxg6 hxg6 14. g3 cxd4 15. cxd4 Nb4 16. Bb1 Rc8 17. a3 Nc6 18. h4 Na5 19. Qd3 Re8 20. h5 Nf8 21. hxg6 fxg6 22. Kg2 Qc7 23. b4 Nc4 24. Bc1 a5 25. b5 a4 26. Rh1 Na5 27. Ra2 Qc4 28. Qe3 Qxb5 29. Bd3 Qd7 30. Qf4 Rc3 31. Bb1 Nc4 32. Qg4 Rc8 33. Bxg6 Rxc1 34. Rh8+ Kxh8 35. Qh5+ 1-0

[Event "Kragero Resort International 2022"]
[Site "Kragero"]
[Date "2022.02.25"]
[Round "6.28"]
[White "Doluhanova, Evgeniya"]
[Black "Strand, Vetle Bjorge"]
[Result "1-0"]
[ECO "B11"]
[WhiteElo "2255"]
[BlackElo "1927"]
[Annotator "NA"]
[PlyCount "93"]
[EventDate "2022.02.23"]
[EventType "swiss"]
[EventCountry "NOR"]
[SourceTitle "playchess.com"]
[Source "ChessBase"]
[SourceQuality "1"]
[TimeControl "5400+30"]

1. e4 c6 2. d3 d5 3. Nc3 dxe4 4. dxe4 Qxd1+ 5. Nxd1 e5 6. Nf3 Bd6 7. Ne3 Nf6 8. Nc4 Bc7 9. Ncxe5 Nxe4 10. Bc4 O-O 11. O-O Nd7 12. Nxd7 Bxd7 13. Re1 Rfe8 14. Be3 Bb6 15. Bxb6 axb6 16. Bxf7+ Kxf7 17. Rxe4 Rxe4 18. Ng5+ Ke7 19. Nxe4 Bf5 20. Re1 Kf8 21. a3 Rd8 22. Kf1 b5 23. f3 b6 24. Kf2 h6 25. c3 Kf7 26. Re2 c5 27. Rd2 Rxd2+ 28. Nxd2 Ke6 29. Ke3 Ke5 30. g4 Bh7 31. f4+ Kd5 32. f5 h5 33. h3 hxg4 34. hxg4 Ke5 35. c4 b4 36. axb4 cxb4 37. Nf3+ Kf6 38. Ke4 Bg8 39. g5+ Ke7 40. Ne5 b3 41. Kd4 Bh7 42. g6 Bg8 43. Ng4 Kd6 44. f6 Ke6 45. fxg7 Kf5 46. Nh6+ Kxg6 47. Nxg8 1-0

[Event "Kragero Resort International 2022"]
[Site "Kragero"]
[Date "2022.02.26"]
[Round "7.1"]
[White "Engeset, Audun"]
[Black "Jonsson, Kristjan Dagur"]
[Result "0-1"]
[ECO "B12"]
[WhiteElo "1823"]
[BlackElo "1797"]
[Annotator "NA"]
[PlyCount "80"]
[EventDate "2022.02.23"]
[EventType "swiss"]
[EventCountry "NOR"]
[SourceTitle "playchess.com"]
[Source "ChessBase"]
[SourceQuality "1"]
[TimeControl "5400+30"]

1. e4 c6 2. d4 d5 3. e5 Bf5 4. Nc3 e6 5. g4 Bg6 6. Nge2 c5 7. Be3 Nc6 8. Nf4 cxd4 9. Bxd4 Bxc2 10. Qxc2 Nxd4 11. Qa4+ Nc6 12. Bb5 Nge7 13. Rd1 Qc7 14. O-O $17 g6 15. Rfe1 Bg7 16. Nd3 O-O 17. Qf4 a6 18. Ba4 Rad8 19. Rc1 Qa5 20. b4 Qb6 21. a3 Qd4 22. Qg3 Rc8 23. Ne2 Qa7 24. Qf4 Rfd8 25. Bb3 d4 26. Ng3 Nd5 27. Qf3 Qb8 28. Rc2 Nc3 29. Qf4 a5 30. Rd2 Qc7 31. h4 Qe7 32. Ne4 Nxe4 33. Qxe4 axb4 34. h5 gxh5 35. Nf4 Nxe5 36. Nxh5 Ng6 37. Nxg7 Kxg7 38. f4 Rc3 39. Bc2 Qh4 40. Rh2 Qxg4+ 0-1

[Event "Kragero Resort International 2022"]
[Site "Kragero"]
[Date "2022.02.26"]
[Round "7.2"]
[White "Stromhaug, Kristoffer Wang"]
[Black "Haug, Havard"]
[Result "0-1"]
[ECO "B38"]
[WhiteElo "1694"]
[BlackElo "1801"]
[Annotator "NA"]
[PlyCount "74"]
[EventDate "2022.02.23"]
[EventType "swiss"]
[EventCountry "NOR"]
[SourceTitle "playchess.com"]
[Source "ChessBase"]
[SourceQuality "1"]
[TimeControl "5400+30"]

1. e4 c5 2. Nf3 d6 3. d4 cxd4 4. Nxd4 Nf6 5. f3 g6 6. c4 Bg7 7. Nc3 O-O 8. Be3 Nc6 9. Qd2 Bd7 10. Be2 Rc8 11. O-O a6 12. Nd5 Nxd5 13. cxd5 Nxd4 14. Bxd4 Qc7 15. Bxg7 Kxg7 16. Rfc1 Qb6+ 17. Kf1 f6 18. Rxc8 Rxc8 19. Rc1 Rc5 $11 20. b4 Rc7 21. a3 Bb5 22. Bxb5 Qxb5+ 23. Ke1 Rxc1+ 24. Qxc1 Qd3 25. Qc7 Kf7 26. Qxb7 Qxa3 27. Kf2 Qb2+ 28. Kg3 a5 29. b5 a4 30. b6 a3 31. Qa7 a2 32. b7 a1=Q 33. Qxa1 Qxa1 34. b8=Q Qe1+ 35. Kh3 g5 36. g3 Qf1+ 37. Kg4 h5+ 0-1

[Event "Kragero Resort International 2022"]
[Site "Kragero"]
[Date "2022.02.26"]
[Round "7.3"]
[White "Ostensen, Nicolai Maxime"]
[Black "Hammari, Vinjar"]
[Result "1-0"]
[ECO "A36"]
[WhiteElo "1728"]
[BlackElo "1775"]
[Annotator "NA"]
[PlyCount "139"]
[EventDate "2022.02.23"]
[EventType "swiss"]
[EventCountry "NOR"]
[SourceTitle "playchess.com"]
[Source "ChessBase"]
[SourceQuality "1"]
[TimeControl "5400+30"]

1. c4 c5 2. Nc3 Nc6 3. g3 g6 4. Bg2 Bg7 5. a3 d6 6. e3 Bxc3 7. dxc3 f5 8. h4 h6 9. Ne2 Nf6 10. Nf4 Kf7 11. Nd5 e5 12. Nxf6 Qxf6 13. Bd5+ Kg7 14. e4 fxe4 15. Bxe4 Rf8 16. Qd2 Rh8 17. b3 Na5 18. Qc2 Bg4 19. Be3 Bf3 20. Bxf3 Qxf3 21. Rg1 h5 22. Rb1 Nc6 23. Qd3 Qf5 24. Kd2 e4 25. Qe2 Ne5 26. Kc2 Rad8 27. Rbd1 Rhe8 28. Rd5 Re6 29. Rgd1 b6 30. Kb1 Qg4 31. Qxg4 Nxg4 32. Re1 Nxe3 33. Rxe3 Rf8 34. Re2 Rf3 35. Kc2 Kf7 36. b4 Ke7 37. Rd1 e3 38. Rxe3 Rxf2+ 39. Kd3 Rxe3+ 40. Kxe3 Ra2 41. b5 Rxa3 42. Kd3 d5 43. cxd5 Kd6 44. Kc2 Ra4 45. Kb2 Rg4 46. Ra1 Kxd5 47. Kb3 Rxg3 48. Rxa7 Re3 49. Rd7+ Ke5 50. Rb7 Rg3 51. Rxb6 Rg4 52. Rc6 Kd5 53. Rc8 Rg1 54. Rd8+ Ke6 55. Kc4 Ke7 56. Rd2 g5 57. Kxc5 gxh4 58. b6 h3 59. b7 Rb1 60. Kc6 Rb3 61. c4 h4 62. Kc7 Rc3 63. Re2+ Kf6 64. b8=Q Rxc4+ 65. Kd6 Rg4 66. Qf8+ Kg6 67. Qg8+ Kf5 68. Qf7+ Kg5 69. Re5+ Kh6 70. Rh5# 1-0

[Event "Kragero Resort International 2022"]
[Site "Kragero"]
[Date "2022.02.26"]
[Round "7.4"]
[White "Haugen, Lars Tormod"]
[Black "Thorisson, Benedikt"]
[Result "1/2-1/2"]
[ECO "A28"]
[WhiteElo "1710"]
[BlackElo "1790"]
[Annotator "NA"]
[PlyCount "39"]
[EventDate "2022.02.23"]
[EventType "swiss"]
[EventCountry "NOR"]
[SourceTitle "playchess.com"]
[Source "ChessBase"]
[SourceQuality "1"]
[TimeControl "5400+30"]

1. c4 e5 2. Nc3 Nf6 3. Nf3 Nc6 4. a3 d5 5. cxd5 Nxd5 6. Qc2 Be6 7. e3 Bd6 8. Be2 f6 9. Nxd5 Bxd5 10. Bc4 Bxc4 11. Qxc4 Qd7 12. O-O O-O-O 13. d3 Rhe8 14. b4 Qe6 15. Bb2 e4 16. Qxe6+ Rxe6 17. dxe4 Rxe4 18. Rfd1 Re7 19. Kf1 Ne5 20. Nxe5 1/2-1/2

[Event "Kragero Resort International 2022"]
[Site "Kragero"]
[Date "2022.02.26"]
[Round "7.5"]
[White "Amundsen, Ask"]
[Black "Strand, Amund Pihl"]
[Result "1-0"]
[ECO "B02"]
[WhiteElo "1819"]
[BlackElo "1748"]
[Annotator "NA"]
[PlyCount "87"]
[EventDate "2022.02.23"]
[EventType "swiss"]
[EventCountry "NOR"]
[SourceTitle "playchess.com"]
[Source "ChessBase"]
[SourceQuality "1"]
[TimeControl "5400+30"]

1. e4 Nf6 2. e5 Nd5 3. c4 Nb6 4. a4 a5 5. Ra3 d6 6. exd6 exd6 7. d4 Be7 8. Rg3 O-O 9. Nf3 Nc6 10. Nc3 f5 11. Bf4 Nb4 12. Be2 $11 Kh8 13. Qd2 Nd7 14. h4 Nf6 15. h5 Ne4 16. Nxe4 fxe4 17. Ng5 Bf5 18. Be3 Bf6 19. h6 g6 20. Bg4 Nd3+ 21. Kf1 Nxf2 22. Kxf2 Bxg4 23. Rxg4 Bxg5+ 24. Ke2 Bxe3 25. Qxe3 Qd7 26. Rxe4 Qxa4 27. Qc3 Qb4 28. Kd3 Rf2 29. Qxb4 axb4 30. Ra1 Raf8 31. Ra7 Rxg2 32. Rxb7 Rxb2 33. c5 d5 34. Rf4 Ra8 35. Ra7 Rb3+ 36. Kc2 Ra3 37. Rxc7 b3+ 38. Kb2 Ra2+ 39. Kxb3 Rh2 40. c6 Rb8+ 41. Rb7 Re8 42. c7 Rh1 43. Rf2 Rc1 44. Rb8 1-0

[Event "Kragero Resort International 2022"]
[Site "Kragero"]
[Date "2022.02.26"]
[Round "7.6"]
[White "Helland, Phillip"]
[Black "Omarsson, Adam"]
[Result "0-1"]
[ECO "A49"]
[WhiteElo "1760"]
[BlackElo "1546"]
[Annotator "NA"]
[PlyCount "84"]
[EventDate "2022.02.23"]
[EventType "swiss"]
[EventCountry "NOR"]
[SourceTitle "playchess.com"]
[Source "ChessBase"]
[SourceQuality "1"]
[TimeControl "5400+30"]

1. d4 g6 2. Nf3 Nf6 3. g3 Bg7 4. Bg2 O-O 5. c4 c5 6. O-O cxd4 7. Qxd4 Nc6 8. Qh4 Qb6 9. Nc3 Re8 10. b3 a5 11. Bb2 a4 12. c5 Qxc5 13. Nxa4 Qc2 14. Nd4 Nxd4 15. Qxd4 Rxa4 16. bxa4 Nh5 17. Qb4 Bxb2 18. Rab1 Bf6 19. Qb3 Qxe2 20. Bxb7 Bxb7 21. Qxb7 Qxa2 22. Qxd7 Ra8 23. Rb4 Kg7 24. Qc6 Ra5 25. g4 Qd2 26. Qe4 Bc3 27. Rb5 Nf6 28. Qe3 Qxe3 29. fxe3 Rxa4 30. h3 Bd2 31. Rb3 Nd5 32. e4 Rxe4 33. Rd3 Be3+ 34. Kg2 e6 35. Rb1 Bg5 36. Kg3 Re3+ 37. Rxe3 Bxe3 38. Rb7 Nf6 39. Kf3 Bd2 40. Ke2 Bg5 41. Rb5 Bh4 42. g5 Nd5 0-1

[Event "Kragero Resort International 2022"]
[Site "Kragero"]
[Date "2022.02.26"]
[Round "7.7"]
[White "Stolp, Aleksander"]
[Black "Gharibyan, Mane"]
[Result "1-0"]
[ECO "E15"]
[WhiteElo "1680"]
[BlackElo "1592"]
[Annotator "NA"]
[PlyCount "111"]
[EventDate "2022.02.23"]
[EventType "swiss"]
[EventCountry "NOR"]
[SourceTitle "playchess.com"]
[Source "ChessBase"]
[SourceQuality "1"]
[TimeControl "5400+30"]

1. d4 Nf6 2. c4 e6 3. Nf3 b6 4. g3 Ba6 5. b3 Bb4+ 6. Bd2 Be7 7. Nc3 Bb7 8. Bg2 O-O 9. O-O c5 10. Re1 d5 11. cxd5 exd5 12. dxc5 bxc5 13. Rc1 Nbd7 14. Bg5 h6 15. Bxf6 Nxf6 16. Na4 Rc8 17. Ne5 Qa5 18. Qc2 Rfd8 19. Red1 Bd6 20. Qf5 Rc7 21. Ng4 Nxg4 22. Qxg4 c4 23. Qf5 Ba3 24. Rc2 c3 25. Rd4 Bb4 26. Qd3 Ba6 27. Qd1 Rcd7 28. e3 Rd6 29. Qc1 Rc8 30. a3 Bc5 31. b4 Bxb4 32. Rxb4 Bb5 33. Nxc3 Bd3 34. Rd2 Qa6 35. Rd4 Bg6 36. Qa1 Rdc6 37. Ne2 Bh5 38. g4 Bg6 39. Rxd5 Kh7 40. Bf3 Rb6 41. Kg2 Rb3 42. a4 Rcb8 43. Qe5 Qxa4 44. Ra5 Qb4 45. Rda2 Rb1 46. Rxa7 Qe1 47. Kg3 R8b5 48. Qc3 Qf1 49. Bg2 Qd1 50. Rd2 Qe1 51. Rd8 Qxe2 52. Raa8 Bc2 53. Rh8+ Kg6 54. Qc6+ f6 55. Qe8+ Kg5 56. h4# 1-0

[Event "Kragero Resort International 2022"]
[Site "Kragero"]
[Date "2022.02.26"]
[Round "7.8"]
[White "Gilmessen, Subhan"]
[Black "Carlin, Tormod"]
[Result "0-1"]
[ECO "B20"]
[WhiteElo "1381"]
[BlackElo "1630"]
[Annotator "NA"]
[PlyCount "62"]
[EventDate "2022.02.23"]
[EventType "swiss"]
[EventCountry "NOR"]
[SourceTitle "playchess.com"]
[Source "ChessBase"]
[SourceQuality "1"]
[TimeControl "5400+30"]

1. e4 c5 2. g3 d5 3. exd5 Qxd5 4. Nf3 Bg4 5. Bg2 Qe6+ 6. Kf1 Nc6 7. d3 Qd7 8. Na3 e6 9. h3 Bh5 10. Nc4 b5 11. Na3 Rb8 12. g4 Bg6 13. Bf4 Bd6 14. Bxd6 Qxd6 15. Nh4 Nge7 16. Nxg6 Nxg6 17. Be4 Nf4 18. Kg1 a6 19. Qd2 e5 20. Rd1 Rd8 21. Kh2 g5 22. Kg3 Nd4 23. Rde1 h5 24. h4 Qe6 25. gxh5 gxh4+ 26. Rxh4 Rg8+ 27. Kh2 Qf6 28. Rh3 Nxh3 29. Kxh3 Nf3 30. Bxf3 Qxf3+ 31. Kh4 Rg4# 0-1

[Event "Kragero Resort International 2022"]
[Site "Kragero"]
[Date "2022.02.26"]
[Round "7.10"]
[White "Gharibyan, Mamikon"]
[Black "Reimanis, Ritvars"]
[Result "1-0"]
[ECO "D37"]
[WhiteElo "2479"]
[BlackElo "2397"]
[Annotator "RC"]
[PlyCount "95"]
[EventDate "2022.02.23"]
[EventType "swiss"]
[EventCountry "NOR"]
[SourceTitle "playchess.com"]
[Source "ChessBase"]
[SourceQuality "1"]
[TimeControl "5400+30"]

1. d4 Nf6 2. c4 e6 3. Nf3 d5 4. Nc3 Be7 5. Bf4 O-O 6. e3 c5 7. a3 cxd4 8. exd4 dxc4 9. Bxc4 Nbd7 10. O-O Nb6 11. Bd3 Nbd5 12. Nxd5 Qxd5 13. Ne5 Bd7 14. Re1 Bb5 15. Bc2 Rad8 16. Be3 Bc6 17. f3 Qd6 18. Qd3 g6 19. Rad1 Nd7 20. Nxc6 bxc6 21. Qa6 Qc7 22. Bf2 Bd6 23. g3 Nb8 24. Qa4 Be7 25. Be4 Bf6 26. Rd3 Bg7 27. f4 Rd6 28. Qc4 Rfd8 29. Red1 Nd7 30. b4 Nf6 31. Bf3 Qd7 32. Kg2 Nd5 33. Qc5 Bf6 34. Rc1 Qb7 35. Bxd5 exd5 36. f5 Be7 37. Rf3 Qd7 38. Qc2 Bg5 39. Re1 Re8 40. Re5 Bf6 41. Rxe8+ Qxe8 42. Qc5 Qd7 43. g4 gxf5 44. gxf5 Be7 45. Qc1 Rf6 46. Qf4 Rd6 47. Rg3+ Kf8 48. Qg4 1-0

[Event "Kragero Resort International 2022"]
[Site "Kragero"]
[Date "2022.02.26"]
[Round "7.12"]
[White "Sagafos, Magne"]
[Black "Kvaloy, Aksel Bu"]
[Result "1/2-1/2"]
[ECO "D02"]
[WhiteElo "2386"]
[BlackElo "2280"]
[Annotator "NA"]
[PlyCount "69"]
[EventDate "2022.02.23"]
[EventType "swiss"]
[EventCountry "NOR"]
[SourceTitle "playchess.com"]
[Source "ChessBase"]
[SourceQuality "1"]
[TimeControl "5400+30"]

1. d4 Nf6 2. Nf3 e6 3. Bf4 d5 4. e3 Bd6 5. Bg3 O-O 6. Nbd2 c5 7. c3 Qc7 8. Bd3 Nbd7 9. Bh4 Re8 10. O-O $11 Be7 11. Bg3 Bd6 12. Ne5 Nxe5 13. dxe5 Bxe5 14. f4 Bd6 15. e4 dxe4 16. Nxe4 Nxe4 17. Bxe4 Bd7 18. Bxh7+ Kxh7 19. Qd3+ Kg8 20. Rad1 Rad8 21. Qxd6 Qxd6 22. Rxd6 Ba4 23. f5 exf5 24. Rxf5 Bc6 25. Re5 f6 26. Rxe8+ Rxe8 27. Kf2 Kf7 28. Rd2 a6 29. c4 Re4 30. b3 b5 31. Rd6 Re6 32. Bf4 bxc4 33. bxc4 Rxd6 34. Bxd6 Be4 35. Bxc5 1/2-1/2

[Event "Kragero Resort International 2022"]
[Site "Kragero"]
[Date "2022.02.26"]
[Round "7.15"]
[White "Mikalsen, Erlend"]
[Black "Nikolic, Vladan"]
[Result "0-1"]
[ECO "C77"]
[WhiteElo "2368"]
[BlackElo "2218"]
[Annotator "ChessBase"]
[PlyCount "66"]
[EventDate "2022.02.23"]
[EventType "swiss"]
[EventCountry "NOR"]
[SourceTitle "playchess.com"]
[Source "ChessBase"]
[SourceQuality "1"]
[TimeControl "5400+30"]

1. e4 e5 2. Nf3 Nc6 3. Bb5 a6 4. Ba4 Nf6 5. d3 b5 6. Bb3 Bc5 7. Nc3 d6 8. Nd5 h6 9. c3 Ba7 10. Nxf6+ Qxf6 11. Bd5 Bd7 12. O-O Rb8 13. Be3 Bb6 14. a4 O-O 15. a5 Bxe3 16. fxe3 Ne7 17. Ba2 Ng6 18. d4 Qe7 19. Qd3 Be6 20. d5 Bd7 21. Ne1 Qg5 22. Nc2 f5 23. Nb4 fxe4 24. Qxe4 Bf5 25. Rxf5 Rxf5 26. Nxa6 Rbf8 27. Nxc7 Qf6 28. h3 Nh4 29. Ne6 Rf1+ 30. Rxf1 Qxf1+ 31. Kh2 Rf2 32. Nf4 Nf3+ 33. Qxf3 Rxf3 0-1

[Event "Kragero Resort International 2022"]
[Site "Kragero"]
[Date "2022.02.26"]
[Round "7.16"]
[White "Vestby-Ellingsen, Mads"]
[Black "Blokhin, Sofia"]
[Result "1-0"]
[ECO "A92"]
[WhiteElo "2368"]
[BlackElo "2059"]
[Annotator "NA"]
[PlyCount "95"]
[EventDate "2022.02.23"]
[EventType "swiss"]
[EventCountry "NOR"]
[SourceTitle "playchess.com"]
[Source "ChessBase"]
[SourceQuality "1"]
[TimeControl "5400+30"]

1. d4 f5 2. g3 Nf6 3. Bg2 d5 4. Nf3 e6 5. O-O Be7 6. c4 O-O 7. Nbd2 c6 8. Ne5 Nbd7 9. Nd3 Bd6 10. Qc2 Qe8 11. Nf3 dxc4 12. Qxc4 Nb6 13. Qb3 Nbd5 14. Nfe5 Nd7 (14... b6 $14) 15. Bd2 Nxe5 16. dxe5 Bc7 17. Rac1 Bd8 18. e4 fxe4 19. Bxe4 Qh5 20. Nf4 Qxe5 21. Rce1 Qf6 22. Qc2 g6 $11 23. Nd3 Bb6 24. h4 Qg7 25. Bg2 Qc7 26. Kh2 Rf5 27. f4 Bd7 28. Bh3 Rff8 29. Ne5 Rae8 30. Nxg6 Rf7 31. Ne5 Rg7 32. h5 h6 33. Ng4 Bd4 34. f5 exf5 35. Rxe8+ Bxe8 36. Qxf5 Nf6 37. Nxf6+ Bxf6 38. Bf4 Qe7 39. Bxh6 Rf7 40. Qe6 Qd8 41. Rxf6 Qxf6 42. Qxe8+ Kh7 43. Bf4 Qxb2+ 44. Bg2 Qxa2 45. Be5 Kh6 46. Qg8 Kxh5 47. g4+ Kh6 48. Qh8+ 1-0

[Event "Kragero Resort International 2022"]
[Site "Kragero"]
[Date "2022.02.26"]
[Round "7.17"]
[White "Ingebretsen, Jens E"]
[Black "Stanford, Maxim Barth"]
[Result "1-0"]
[ECO "A20"]
[WhiteElo "2316"]
[BlackElo "2339"]
[Annotator "NA"]
[PlyCount "99"]
[EventDate "2022.02.23"]
[EventType "swiss"]
[EventCountry "NOR"]
[SourceTitle "playchess.com"]
[Source "ChessBase"]
[SourceQuality "1"]
[TimeControl "5400+30"]

1. c4 e5 2. g3 Nf6 3. Bg2 c6 4. d4 e4 5. Nc3 Bb4 6. Bd2 Qe7 7. e3 h5 8. h3 Bxc3 9. Bxc3 d6 10. Ne2 Bf5 11. a4 Nbd7 (11... d5 $11 {deserves consideration.}) 12. a5 a6 13. Ra4 Rb8 14. Qb3 (14. Nf4 $14) 14... c5 ({Black should try} 14... Nf8 $11) 15. Qa3 O-O $11 16. O-O Rfc8 17. b3 Rc6 18. Qa1 Bh7 19. Rd1 cxd4 20. Nxd4 Rcc8 21. Ne2 Ne8 22. Nf4 Ndf6 23. Bd4 Bf5 24. Ra2 Rc6 25. Rad2 Rd8 26. Bf1 Rdc8 27. Be2 h4 28. Kh2 g5 29. Nd5 hxg3+ 30. fxg3 Nxd5 31. cxd5 Rc2 32. Bc4 Rxd2+ 33. Rxd2 Bd7 34. Qd1 f6 35. Rf2 Qh7 36. Qf1 f5 37. g4 Ng7 38. gxf5 Nxf5 39. Rg2 Kf7 40. Rg4 Rg8 41. Be2 Kg6 42. h4 Kh6 43. Bf6 Qf7 44. Bxg5+ Kh7 45. Rf4 Rc8 46. Bg4 Rf8 47. Qc4 Qg6 48. Qxe4 Rf7 49. Qf3 Kg7 50. Bh5 1-0

[Event "Kragero Resort International 2022"]
[Site "Kragero"]
[Date "2022.02.26"]
[Round "7.18"]
[White "Sjoberg, Isak"]
[Black "Thorhallsson, Simon"]
[Result "0-1"]
[ECO "B87"]
[WhiteElo "2322"]
[BlackElo "2245"]
[Annotator "NA"]
[PlyCount "94"]
[EventDate "2022.02.23"]
[EventType "swiss"]
[EventCountry "NOR"]
[SourceTitle "playchess.com"]
[Source "ChessBase"]
[SourceQuality "1"]
[TimeControl "5400+30"]

1. e4 c5 2. Nf3 d6 3. d4 cxd4 4. Nxd4 Nf6 5. Nc3 a6 6. Bc4 e6 7. Bb3 b5 8. O-O Be7 9. Qf3 Qb6 10. Be3 Qb7 11. Qg3 Nbd7 (11... O-O $11) 12. f3 O-O {[%emt 0:07:59] [#]} (12... Nh5 $11 {feels stronger.} 13. Qh3 Nhf6) 13. Kh1 ({White should play} 13. Nd5 $1 $14 Nxd5 14. exd5) 13... Nc5 14. Rad1 (14. a3 $11 {feels stronger.}) 14... Bd7 $15 15. Bh6 Ne8 16. Bg5 Bxg5 17. Qxg5 a5 18. a3 a4 19. Ba2 b4 20. axb4 Qxb4 21. Qd2 Rc8 22. Rb1 Nc7 23. Rfd1 Rfd8 24. Nde2 Be8 25. Qf4 Nb5 26. h4 Nxc3 27. Nxc3 a3 28. Qc1 Rb8 29. Bb3 Nxb3 30. cxb3 Rdc8 31. Qd2 axb2 32. Ne2 Qxb3 33. Qxd6 Qc2 34. Nd4 Qf2 35. Qf4 h6 36. Kh2 Rb4 37. Rd2 e5 38. Rxf2 exf4 39. Nf5 Rcb8 40. Ne7+ Kf8 41. Nd5 Rb3 42. Nxf4 R8b4 43. Rd2 Bc6 44. Ne2 Bb5 45. Nf4 Bc4 46. h5 Rb8 47. Ne2 Bd3 0-1

[Event "Kragero Resort International 2022"]
[Site "Kragero"]
[Date "2022.02.26"]
[Round "7.19"]
[White "Abdrlauf, Elham"]
[Black "Gjestemoen-VonHirsch, Andre"]
[Result "1-0"]
[ECO "B25"]
[WhiteElo "2343"]
[BlackElo "2243"]
[Annotator "NA"]
[PlyCount "85"]
[EventDate "2022.02.23"]
[EventType "swiss"]
[EventCountry "NOR"]
[SourceTitle "playchess.com"]
[Source "ChessBase"]
[SourceQuality "1"]
[TimeControl "5400+30"]

1. e4 c5 2. Nc3 Nc6 3. Nf3 g6 4. g3 Bg7 5. Bg2 d6 6. O-O e5 7. d3 Nge7 8. Nd2 Be6 9. Nc4 d5 10. exd5 Nxd5 11. Ne4 Qe7 (11... b6 $1 $11 {remains equal.}) 12. Ncd6+ Kf8 13. c4 Nf6 $16 14. Bg5 h6 15. Bxf6 Bxf6 16. Nxb7 Qxb7 17. Nxc5 Qc8 18. Qf3 Ke7 19. Nxe6 Qxe6 20. Qxc6 Qxc6 21. Bxc6 Rab8 22. b3 Kd6 23. Bd5 Rhf8 24. Rae1 Bd8 25. f4 Bb6+ 26. Kg2 f6 27. fxe5+ fxe5 28. b4 a5 29. a3 axb4 30. axb4 Bd4 31. Rxf8 Rxf8 32. Bf3 Rb8 33. Rb1 Ke7 34. Be4 g5 35. Kh3 Bc5 36. b5 Rb6 37. Bc6 Rb8 38. Kg4 Bd4 39. Kh5 Kf6 40. Rf1+ Kg7 41. Bd5 Rb6 42. Rf7+ Kh8 43. Bc6 1-0

[Event "Kragero Resort International 2022"]
[Site "Kragero"]
[Date "2022.02.26"]
[Round "7.22"]
[White "Stangl, Anita"]
[Black "Fischer, Daniel"]
[Result "1/2-1/2"]
[ECO "B47"]
[WhiteElo "1991"]
[BlackElo "2340"]
[Annotator "NA"]
[PlyCount "107"]
[EventDate "2022.02.23"]
[EventType "swiss"]
[EventCountry "NOR"]
[SourceTitle "playchess.com"]
[Source "ChessBase"]
[SourceQuality "1"]
[TimeControl "5400+30"]

1. e4 c5 2. Nf3 e6 3. d4 cxd4 4. Nxd4 a6 5. Nc3 Qc7 6. g3 Nf6 7. Bg2 Nc6 8. Nb3 Be7 9. Bf4 d6 10. Qd2 O-O 11. a4 Ne5 12. Nd1 (12. Qe2 $11 {keeps the balance.}) 12... Bd7 13. O-O Rac8 14. c3 Bc6 $11 15. Re1 b6 16. Qe2 Bb7 17. Bg5 Rfd8 18. Nd4 h6 19. Be3 Nxe4 20. Bxh6 Nxc3 21. bxc3 gxh6 22. f4 Ng6 23. f5 exf5 24. Bxb7 Qxb7 25. Nxf5 Bf8 26. Qd2 Ne5 27. Qg2 Qxg2+ 28. Kxg2 Rc5 29. Rb1 Nc4 30. g4 Re5 31. Nde3 Rde8 32. Kf2 d5 33. Nxd5 Bc5+ 34. Nd4 Rxe1 35. Rxe1 Rxe1 36. Kxe1 Nb2 37. a5 bxa5 38. Kd2 Nc4+ 39. Kc2 a4 40. Nf5 Kh7 41. h4 Nd6 42. Nxd6 Bxd6 43. Nf6+ Kh8 44. Ne4 Be7 45. h5 Kg7 46. c4 Bb4 47. c5 Bxc5 48. Nxc5 f5 49. gxf5 Kf6 50. Nxa4 Kxf5 51. Nc5 a5 52. Nb7 a4 53. Nd6+ Kg5 54. Nf7+ 1/2-1/2